 Dungeon Crawl Stone Soup version 0.31-a0-1227-g0136665373 (webtiles) character file.

Game seed: 4284744293243194967

2316 croobank the Summoner (level 9, 0/65 HPs)
             Began as a Gnoll Summoner on Dec 13, 2023.
             Was an Initiate of Sif Muna.
             Killed from afar by Maggie (22 damage)
             ... with a bolt of fire
             ... on level 7 of the Dungeon on Dec 14, 2023.
             The game lasted 00:27:29 (6652 turns).

croobank the Summoner (Gnoll Summoner)              Turns: 6652, Time: 00:27:29

Health: 0/65       AC:  4    Str:  8    XL:     9   Next: 41%
Magic:  20/28      EV: 14    Int: 19    God:    Sif Muna [......]
Gold:   363        SH:  0    Dex: 12    Spells: 8/21 levels left

rFire   . . .        c - +2 dagger (freeze)
rCold   . . .        (no shield)
rNeg    . . .        a - +0 robe
rPois   .            (no helmet)
rElec   .            n - +0 cloak
rCorr   .            (no gloves)
SInv    .            f - +0 pair of boots
Will    .....        (no amulet)
Stlth   +++          s - ring of magical power
HPRegen 0.30/turn    w - ring of wizardry
MPRegen 0.21/turn

%: wizardry (x1)
@: inugami summoned
A: fangs 1, strong nose, distributed training
a: Renounce Religion


You were on level 7 of the Dungeon.
You worshipped Sif Muna.
Sif Muna was noncommittal.
You visited 2 branches of the dungeon, and saw 8 of its levels.

You collected 363 gold pieces.

Inventory:

Hand Weapons
 c - a +2 dagger of freezing (weapon)
Missiles
 g - 5 boomerangs
Armour
 a - a +0 robe (worn)
 f - a +0 pair of boots (worn)
 h - a +0 ring mail
 m - a +0 kite shield
 n - a +0 cloak (worn)
 t - a scarf of harm
Jewellery
 l - a ring of poison resistance
 s - a ring of magical power (left hand)
 w - a ring of wizardry (right hand)
 x - a ring of resist corrosion
Wands
 i - a wand of iceblast (11)
 r - a wand of acid (7)
 y - a wand of flame (11)
Scrolls
 d - 2 scrolls of blinking
 e - a scroll of immolation
 v - 2 scrolls of teleportation
 z - a scroll of identify
 A - a scroll of enchant armour {unknown}
Potions
 b - a potion of magic
 j - a potion of enlightenment
 k - 4 potions of curing
 o - a potion of berserk rage
 p - a potion of lignification
 q - a potion of might
 u - a potion of ambrosia {unknown}


   Skills:
 + Level 4.3 Fighting
 + Level 4.3 Short Blades
 + Level 4.3 Long Blades
 + Level 4.3 Axes
 + Level 4.3 Maces & Flails
 + Level 4.3 Polearms
 + Level 4.3 Staves
 + Level 4.3 Ranged Weapons
 + Level 4.3 Throwing
 + Level 4.3 Armour
 + Level 6.3 Dodging
 + Level 6.1 Stealth
 + Level 4.3 Shields
 + Level 4.3 Unarmed Combat
 + Level 6.7 Spellcasting
 + Level 3.5 Conjurations
 + Level 3.5 Hexes
 + Level 8.0 Summonings
 + Level 3.5 Necromancy
 + Level 3.5 Translocations
 + Level 3.5 Transmutations
 + Level 3.5 Fire Magic
 + Level 3.5 Ice Magic
 + Level 3.5 Air Magic
 + Level 3.5 Earth Magic
 + Level 3.5 Poison Magic
 + Level 4.7 Invocations
 + Level 4.3 Evocations
 + Level 3.9 Shapeshifting


You had 8 spell levels left.
You knew the following spells:

 Your Spells              Type           Power      Damage    Failure   Level
a - Summon Small Mammal   Summ           100%       N/A       1%          1
b - Call Imp              Summ           72%        N/A       1%          2
c - Call Canine Familiar  Summ           36%        N/A       1%          3
d - Summon Guardian Gole  Hex/Summ       28%        N/A       1%          3
e - Summon Lightning Spi  Summ/Air       28%        N/A       4%          4

Your spell library contained the following spells:

 Spells                   Type           Power      Damage    Failure   Level
 Ensorcelled Hibernation  Hex/Ice        38%        N/A       1%          2
 Jinxbite                 Hex            38%        N/A       1%          2
 Static Discharge         Conj/Air       38%        3-5/arc   1%          2
 Sublimation of Blood     Necr           19%        N/A       1%          2
 Wereblood                Tmut           19%        N/A       1%          2
 Airstrike                Air            9%         2d(2-18)  10%         4
 Anguish                  Hex/Necr       9%         N/A       10%         4
 Summon Hydra             Summ           18%        N/A       75%         7


Dungeon Overview and Level Annotations

Branches:
Dungeon (7/15)             Temple (1/1) D:5

Altars:
Cheibriados
Elyvilon
Fedhas
Gozag
Hepliaklqana
Kikubaaqudgha
Makhleb
Nemelex Xobeh
Okawaru
Qazlal
Ru
Sif Muna
Trog
Uskayaw
Vehumet
Wu Jian
Xom
Yredelemnul
Zin
The Shining One

Annotations:
D:7 Maggie


Innate Abilities, Weirdness & Mutations

You have very sharp teeth.
Your uncanny sense of smell can sniff out nearby items.
Your experience applies equally to all skills.


Message History

You are too injured to fight recklessly!
You hit Maggie but do no damage.
Maggie is heavily wounded.
Your inugami hits Maggie but does no damage.
Your guardian golem overheats!
You hit Maggie but do no damage.
Maggie is heavily wounded.
Maggie hits you with a +0 war axe!
Maggie hits your guardian golem with a +0 war axe.
Flame seeps out of your guardian golem.
Maggie hits your lightning spire with a +0 war axe.
Maggie hits your inugami with a +0 war axe.
Flame seeps out of your guardian golem.
Your inugami closely misses Maggie.
You hit Maggie but do no damage.
Maggie is heavily wounded.
Your guardian golem is engulfed in blazing flames.
Flame seeps out of your guardian golem.
Your inugami hits Maggie! Maggie closely misses you.
Maggie hits your lightning spire with a +0 war axe.
Maggie misses your inugami.
Maggie hits your guardian golem with a +0 war axe.
Flame seeps out of your guardian golem. x2
What are your orders? t - Bark!
Orders for allies: a - Attack new target. r - Retreat! s - Stop attacking. g - Guard the area. f - Follow me.
Anything else - Cancel.
Gang up on whom?
Press: ? - help, Dir - move target, f - Maggie
Aim: Maggie, wielding a +0 war axe and wearing +2 swamp dragon scales (heavily wounded, ally target)
Okay, then.
You hit Maggie. You freeze Maggie. You bite Maggie, but do no damage.
Maggie is severely wounded.
Your inugami closely misses Maggie.
Your guardian golem is engulfed in blazing flames.
Flame seeps out of your guardian golem. Maggie casts a spell at you.
The bolt of fire hits you!!
You die...

..###...#####..###.##
..### .......## #..#
#.#### ..# .......###
#..###..........#
.........####............#
...#####.......####.####.#
..# ##......##.....## #.
#...#..#.......# #
##..#...#h......#.
#.....#..@@9_.....
#....##.#..8....#
##...###.#.......# #....#
#.##.....## # ##...##
#.####.####. #..#...##
#...........
.........######....#..#
...........####.#####.
..........<.##..#


You could see Maggie (ally target), a friendly guardian golem (summoned, inner
flame), a friendly lightning spire (summoned, sheltered) and a friendly inugami
(summoned, sheltered).

Vanquished Creatures
  A phantom (D:6)
  2 scorpions
  A hound (D:5)
  A jelly (D:4)
  2 iguanas
  An orc wizard (D:3)
  2 adders (D:2)
  2 worms (D:2)
  A dart slug (D:1)
  2 orcs
  3 bats
  An endoplasm (D:4)
  A giant cockroach (D:2)
  2 hobgoblins
  A kobold (D:3)
  2 quokkas
  5 ball pythons
  3 frilled lizards
  3 goblins
  4 rats
40 creatures vanquished.

Vanquished Creatures (collateral kills)
  A yak (D:6)
  Duvessa (D:5)
  An ice beast (D:6)
  A black bear (D:6)
  2 ogres
  A scorpion (D:7)
  A bullfrog (D:6)
  Dowan (D:5)
  2 howler monkeys
  2 hounds
  3 jellies
  3 iguanas
  A gnoll bouda (D:3)
  An orc priest (D:5)
  A sleepcap (D:5)
  An orc wizard (D:3)
  Ijyb (D:5)
  Natasha (twice) (D:3)
  7 gnolls
  8 adders
  A shadow imp (D:4)
  A white imp (D:6)
  2 ufetubi (D:5)
  3 worms
  2 dart slugs
  7 orcs
  5 ball pythons
  5 endoplasms
  3 giant cockroaches
  13 goblins
  5 hobgoblins
  4 kobolds
  A quokka (D:4)
  5 bats
  2 frilled lizards
  4 rats
104 creatures vanquished.

Vanquished Creatures (others)
  3 yaks (D:6)
3 creatures vanquished.

Grand Total: 147 creatures vanquished

Notes
Turn   | Place    | Note
-------+----------+-------------------------------------------
     0 | D:1      | croobank the Gnoll Summoner began the quest for the Orb.
     0 | D:1      | Reached XP level 1. HP: 13/13 MP: 6/6
   122 | D:1      | Reached XP level 2. HP: 17/19 MP: 4/7
   155 | D:1      | Learned a level 2 spell: Call Imp
   593 | D:1      | Reached XP level 3. HP: 20/25 MP: 5/9
   700 | D:1      | Reached skill level 5 in Spellcasting
  1085 | D:2      | Upgraded the game from 0.31-a0-1206-g41278d8d1d to
                  | 0.31-a0-1227-g0136665373
  1173 | D:2      | Reached skill level 1 in Invocations
  1176 | D:2      | Reached skill level 1 in Fighting
  1176 | D:2      | Reached skill level 1 in Short Blades
  1176 | D:2      | Reached skill level 1 in Long Blades
  1176 | D:2      | Reached skill level 1 in Axes
  1176 | D:2      | Reached skill level 1 in Maces & Flails
  1176 | D:2      | Reached skill level 1 in Polearms
  1176 | D:2      | Reached skill level 1 in Staves
  1176 | D:2      | Reached skill level 1 in Ranged Weapons
  1176 | D:2      | Reached skill level 1 in Throwing
  1176 | D:2      | Reached skill level 1 in Armour
  1176 | D:2      | Reached skill level 1 in Shields
  1176 | D:2      | Reached skill level 1 in Unarmed Combat
  1176 | D:2      | Reached skill level 1 in Evocations
  1191 | D:2      | Learned a level 3 spell: Call Canine Familiar
  1241 | D:2      | Reached skill level 1 in Shapeshifting
  1241 | D:2      | Reached XP level 4. HP: 32/32 MP: 4/11
  1537 | D:2      | Reached skill level 1 in Conjurations
  1537 | D:2      | Reached skill level 1 in Hexes
  1537 | D:2      | Reached skill level 1 in Necromancy
  1537 | D:2      | Reached skill level 1 in Translocations
  1537 | D:2      | Reached skill level 1 in Transmutations
  1537 | D:2      | Reached skill level 1 in Fire Magic
  1537 | D:2      | Reached skill level 1 in Ice Magic
  1537 | D:2      | Reached skill level 1 in Air Magic
  1537 | D:2      | Reached skill level 1 in Earth Magic
  1537 | D:2      | Reached skill level 1 in Poison Magic
  2158 | D:2      | Learned a level 3 spell: Summon Guardian Golem
  2242 | D:3      | Reached XP level 5. HP: 30/37 MP: 8/12
  2249 | D:3      | Learned a level 4 spell: Summon Lightning Spire
  2512 | D:3      | Noticed Natasha
  2517 | D:3      | Killed Natasha
  2584 | D:3      | Reached XP level 6. HP: 12/41 MP: 13/13
  2865 | D:3      | Reached skill level 5 in Dodging
  2912 | D:3      | Found a faded altar of an unknown god.
  3225 | D:3      | Noticed Natasha
  3233 | D:3      | Killed Natasha
  3698 | D:4      | Reached XP level 7. HP: 50/50 MP: 15/15
  4123 | D:4      | Found a hazy altar of Hepliaklqana.
  4258 | D:4      | Reached skill level 5 in Stealth
  4448 | D:5      | Entered Level 5 of the Dungeon
  4653 | D:5      | Reached XP level 8. HP: 41/57 MP: 9/16
  4656 | D:5      | Noticed Ijyb
  4681 | D:5      | Killed Ijyb
  4819 | D:5      | Noticed Duvessa
  4819 | D:5      | Noticed Dowan
  4832 | D:5      | Killed Duvessa
  4833 | D:5      | Killed Dowan
  5294 | D:5      | Found a staircase to the Ecumenical Temple.
  5300 | Temple   | Entered the Ecumenical Temple
  5322 | Temple   | Became a worshipper of Sif Muna the Loreminder
  5491 | D:5      | Found a blossoming altar of Fedhas.
  5793 | D:6      | Noticed a yak
  5795 | D:6      | Noticed a yak
  5796 | D:6      | Noticed a yak
  5798 | D:6      | Noticed a yak
  5827 | D:6      | Killed a yak
  5836 | D:6      | Killed a yak
  5846 | D:6      | Killed a yak
  5847 | D:6      | Reached XP level 9. HP: 55/65 MP: 17/18
  6108 | D:6      | Reached skill level 8 in Summonings
  6124 | D:6      | Found a sacrificial altar of Ru.
  6570 | D:7      | Found a snail-covered altar of Cheibriados.
  6637 | D:7      | Noticed Maggie
  6652 | D:7      | Killed from afar by Maggie

Illustrated notes

Levels and vault maps discovered:
D:1:      erik_arrival_blinker_ship, layout_basic
D:2:      layout_rooms
D:3:      layout_loops_corners, hellmonk_ecumenical_altar_crossroads,
          minmay_ogre_servants, uniq_natasha
D:4:      layout_basic, kennysheep_mini, dreamdust_princess_corridor,
          st_stairs_2
D:5:      layout_basic, fedhas_altar_4, minmay_temple_entry_enclosed_plants,
          portal_sewer_entry_e, kennysheep_generic_room_9, uniq_ijyb,
          uniq_duvessa
D:6:      layout_loops_ring, nicolae_ru_awakened_eye
D:7:      layout_layer_cave, old_standard_altar, uniq_maggie
Temple:   kb_temple_of_zot

Skill      XL: |  1  2  3  4  5  6  7  8  9 |
---------------+----------------------------+-----
Spellcasting   | 5 6 |  6.7
Invocations    | 1 2 3 4 |  4.7
Fighting       | 1 2 3 4 |  4.3
Short Blades   | 1 2 3 4 |  4.3
Long Blades    | 1 2 3 4 |  4.3
Axes           | 1 2 3 4 |  4.3
Maces & Flails | 1 2 3 4 |  4.3
Polearms       | 1 2 3 4 |  4.3
Staves         | 1 2 3 4 |  4.3
Ranged Weapons | 1 2 3 4 |  4.3
Throwing       | 1 2 3 4 |  4.3
Armour         | 1 2 3 4 |  4.3
Shields        | 1 2 3 4 |  4.3
Unarmed Combat | 1 2 3 4 |  4.3
Evocations     | 1 2 3 4 |  4.3
Shapeshifting  | 1 2 3 |  3.9
Conjurations   | 1 2 3 |  3.5
Hexes          | 1 2 3 |  3.5
Necromancy     | 1 2 3 |  3.5
Translocations | 1 2 3 |  3.5
Transmutations | 1 2 3 |  3.5
Fire Magic     | 1 2 3 |  3.5
Ice Magic      | 1 2 3 |  3.5
Air Magic      | 1 2 3 |  3.5
Earth Magic    | 1 2 3 |  3.5
Poison Magic   | 1 2 3 |  3.5
Dodging        | 5 6 |  6.3
Stealth        | 5 6 |  6.1
Summonings     | 8 |  8.0

Action                     |  1- 3 |  4- 6 |  7- 9 || total
---------------------------+-------+-------+-------++-------
  Melee: Dagger            |    51 |   100 |    55 ||   206
         Bite              |     6 |     6 |     4 ||    16
         Punch             |     1 |     2 |     2 ||     5
   Cast: Summon Small Mamm |    23 |    23 |    13 ||    59
         Call Imp          |     8 |    16 |    13 ||    37
         Call Canine Famil |       |     8 |    17 ||    25
         Summon Guardian G |       |       |    12 ||    12
         Summon Lightning  |       |       |     9 ||     9
    Use: Scroll            |       |     1 |    13 ||    14
         Potion            |       |     1 |       ||     1
   Stab: Sleeping          |     4 |     6 |     4 ||    14
         Distracted        |       |     1 |       ||     1
 Armour: Robe              |    35 |    83 |    52 ||   170
  Dodge: Dodged            |    44 |    66 |    58 ||   168

Table legend: (Time is in decaauts)
 A = Elapsed time spent in this place.
 B = Non-inter-level travel time spent in this place.
 C = Inter-level travel time spent in this place.
 D = Time resting spent in this place.
 E = Time spent auto-exploring this place.
 F = Levels seen in this place.
 G = Mean time per level.
                   A        B        C        D        E       F      G
               +--------+--------+--------+--------+--------+-----+--------+
         Total |   6633 |   6375 |    258 |    463 |   4456 |   8 |  829.1 |
       Dungeon |   6589 |   6374 |    215 |    463 |   4456 |   7 |  941.3 |
        Temple |     44 |      1 |     43 |      0 |      0 |   1 |   44.0 |
               +--------+--------+--------+--------+--------+-----+--------+

Top non-repeatable levels by time:
     D:3: 1511 daAuts
     D:5: 1229 daAuts
     D:1: 1082 daAuts
     D:2: 1070 daAuts
     D:6: 834 daAuts
     D:4: 771 daAuts
     D:7: 90 daAuts
  Temple: 44 daAuts
